 Dungeon Crawl Stone Soup version 0.22.1-1-ga44c0e56f4 (webtiles) character file.

223 Ihlosi the Skirmisher (level 6, -1/67 HPs)
             Began as an Ogre Gladiator on Nov 4, 2018.
             Killed from afar by an orc wizard (5 damage)
             ... with a puff of flame
             ... on level 4 of the Dungeon.
             The game lasted 00:10:14 (4157 turns).

Ihlosi the Skirmisher (Ogre Gladiator)              Turns: 4157, Time: 00:10:15

Health: -1/67      AC:  3    Str: 17 (19) XL:     6   Next: 0%
Magic:  6/6        EV: 11    Int:  7 (9)  God:
Gold:   273        SH:  0    Dex:  9 (12) Spells: 5/5 levels left

rFire    . . .     SeeInvis .   b - +0 dagger (venom)
rCold    . . .     Gourm    .   (no shield)
rNeg     . . .     Faith    .   w - +0 robe
rPois    .         Spirit   .   c - +0 hat
rElec    .         Reflect  .   (no cloak)
rCorr    .         Harm     .   (gloves unavailable)
MR       .....     Clarity  +   (boots unavailable)
Stlth    +.........             (no amulet)
HPRegen  0.21/turn              (no ring)
MPRegen  0.10/turn              (no ring)

@: no status effects
A: large, unfitting armour, claws 1, blurry vision 1, clarity, tough skin 1,
evolution 1
a: no special abilities


You were on level 4 of the Dungeon.
You were not hungry.

You visited 1 branch of the dungeon, and saw 4 of its levels.

You collected 273 gold pieces.

Inventory:

Hand Weapons
 a - a +0 flail
 b - a +0 dagger of venom (weapon)
 g - a +1 hand axe of flaming
 t - a +3 hunting sling
 v - the +0 quarterstaff "Bita" {antimagic, MR++ MP+9 Str+2 Stlth-}
   (You found it on level 4 of the Dungeon)

   It reduces the magical energy of the wielder, and disrupts the spells and
   magical abilities of those hit.
   Natural abilities and divine invocations are not affected.
   It affects your strength (+2).
   It affects your resistance to hostile enchantments.
   It affects your magic capacity (+9).
   It makes you less stealthy.
Missiles
 d - 2 throwing nets (quivered)
Armour
 c - a +0 hat (worn)
 w - a +0 robe (worn)
Jewellery
 j - an uncursed ring of flight
Scrolls
 h - 3 scrolls of identify
 i - a scroll of remove curse
 n - a scroll of fear
 p - a scroll of fog
 q - a scroll of amnesia {unknown}
 u - a scroll of teleportation {unknown}
Comestibles
 f - 7 rations


   Skills:
 + Level 5.9 Fighting
 + Level 3.3 Maces & Flails
 - Level 2.0 Throwing
 - Level 1.0 Armour
 + Level 3.5 Dodging
 - Level 1.0 Evocations


You had 5 spell levels left.
You didn't know any spells.
Your spell library contained the following spells:

 Spells                   Type           Power        Failure   Level  Hunger
 Beastly Appendage        Tmut           #.....       43%         1    ##.....
 Sticks to Snakes         Tmut           #.......     56%         2    ###....
 Spider Form              Tmut/Pois      #.........   80%         3    ####...
 Ice Form                 Ice/Tmut       #.......     99%         4    #####..
 Blade Hands              Tmut           #.........   100%        5    ######.


Dungeon Overview and Level Annotations

Branches:
Dungeon (4/15)
 Temple: D:4-7

Altars:


Innate Abilities, Weirdness & Mutations

You are too large for most types of armour.
You have tough skin. (AC +1)
You have sharp fingernails.
Scrolls take you a little longer to read.
You possess an exceptional clarity of mind.
You evolve.


Message History

You have reached level 6!
Your experience leads to an increase in your attributes!
Your base attributes are Str 18, Int 9, Dex 11.
Increase (S)trength, (I)ntelligence, or (D)exterity?
You feel agile.
You feel stronger.
You feel a bit more experienced. Something hits you.
* * * LOW HITPOINT WARNING * * *
Deactivating autopickup; reactivate with Ctrl-A.
You hit the orc but do no damage.
The orc is poisoned.
Something hits you but does no damage. The orc barely misses you.
You closely miss something.
You hear some strange, mumbled words.
Something tries to affect you, but you resist.
The orc barely misses you.
You barely miss something. Something hits you but does no damage.
You hit something but do no damage. The orc closely misses you.
You hear some strange, mumbled words.
A puff of flame appears from out of thin air!
The puff of flame hits you!
You die...

.....#.....#######
.....#.....#.....#
.)...#####'#.....#
.................#
#'###............#
....#............#
....#............#
#####.........){.#
#......))..o@#
#.......######
#.......#...#
#.....o.#...#
#.......##'##
####.....#..#
...#.....'..#
....'.....#..#
#####.....#..#


You could see an orc.

Vanquished Creatures
  A quasit (D:4)
  An orc wizard (D:4)
  6 adders
  A gnoll (D:4)
  An ooze (D:2)
  4 worms
  2 leopard geckos
  8 orcs
  5 giant cockroaches
  11 goblins
  6 hobgoblins
  2 jackals (D:1)
  7 kobolds
  5 bats
  2 frilled lizards
  14 rats
76 creatures vanquished.

Notes
Turn   | Place    | Note
-------+----------+-------------------------------------------
     0 | D:1      | Ihlosi the Ogre Gladiator began the quest for the Orb.
     0 | D:1      | Reached XP level 1. HP: 22/22 MP: 1/1
   333 | D:1      | Reached XP level 2. HP: 11/29 MP: 2/2
   607 | D:1      | Reached skill level 3 in Fighting
  1254 | D:2      | Reached skill level 4 in Fighting
  1254 | D:2      | Reached XP level 3. HP: 24/39 MP: 3/3
  1865 | D:2      | Reached skill level 5 in Fighting
  1865 | D:2      | Reached XP level 4. HP: 48/50 MP: 4/4
  2655 | D:3      | Reached XP level 5. HP: 20/57 MP: 5/5
  3549 | D:4      | Noticed an ogre
  3652 | D:4      | Got a scorched quarterstaff
  3657 | D:4      | Identified the cursed +0 quarterstaff "Bita" {antimagic,
                  | MR++ MP+9 Str+2 Stlth-} (You found it on level 4 of the
                  | Dungeon)
  3743 | D:4      | Reached skill level 1 in Evocations
  4141 | D:4      | Gained mutation: You possess an exceptional clarity of
                  | mind. [potion of mutation]
  4141 | D:4      | Gained mutation: Scrolls take you a little longer to read.
                  | [potion of mutation]
  4141 | D:4      | Gained mutation: You evolve. [potion of mutation]
  4141 | D:4      | Gained mutation: You have sharp fingernails. [potion of
                  | mutation]
  4153 | D:4      | Reached skill level 1 in Armour
  4153 | D:4      | Reached XP level 6. HP: 5/67 MP: 6/6
  4157 | D:4      | Killed from afar by an orc wizard

Skill      XL: |  1  2  3  4  5 |
---------------+----------------+-----
Maces & Flails | 3 |  3.3
Dodging        | 3 |  3.5
Fighting       | 4 5 |  5.9
Evocations     | 1 |  1.0
Armour         | 1 |  1.0
Throwing       | |  2.0

Action                   |  1- 3 |  4- 6 || total
-------------------------+-------+-------++-------
Melee: Flail             |    69 |    17 ||    86
       Mace              |    41 |       ||    41
       Dagger            |     4 |   165 ||   169
Throw: Throwing net      |     6 |     3 ||     9
  Use: Scroll            |     5 |     1 ||     6
       Potion            |       |     8 ||     8
 Stab: Fleeing           |     1 |       ||     1
       Held in net/web   |     2 |       ||     2
       Sleeping          |     1 |     2 ||     3
  Eat: Chunk             |     3 |     4 ||     7
       Ration            |       |     1 ||     1
Armor: Robe              |    30 |    56 ||    86
Dodge: Dodged            |    72 |   105 ||   177
